 Dungeon Crawl Stone Soup version 0.31.0-9-g3a7656b989 (webtiles) character file.

Game seed: 4324441859642432173

293990 inmateoo the Gnoll Aeon (level 20, -31/160 HPs)
             Began as a Gnoll Conjurer on Jan 25, 2024.
             Was the Champion of Cheibriados.
             Killed from afar by a deep elf elementalist (43 damage)
             ... with a blast of rock fragments
             ... on level 3 of the Elven Halls.
             The game lasted 01:23:50 (46223 turns).

inmateoo the Gnoll Aeon (Gnoll Conjurer)           Turns: 46223, Time: 01:23:51

Health: -31/160    AC: 25    Str: 22    XL:     20   Next: 84%
Magic:  10/39      EV: 20    Int: 45    God:    Cheibriados [******]
Gold:   659        SH: 10    Dex: 28    Spells: 11/49 levels left

rFire   + + +        M - +2 demon trident of the Past {elec, rF++}
rCold   + + +        y - +0 buckler
rNeg    . . .        k - +0 storm dragon scales of Gozag's Whim {rElec rPois Will+ rCorr Int+2}
rPois   +            S - +2 helmet {SInv}
rElec   +            L - scarf {rC+ rF+}
rCorr   +            Q - +2 pair of gloves
SInv    +            i - +0 pair of boots
Will    ++...        h - amulet of magic regeneration
Stlth   ++++         z - ring of wizardry
HPRegen 0.46/turn    C - ring of Qyzijaop {Ice rCorr Int+4}
MPRegen 0.66/turn

%: wizardry (x1)
@: resistant, very slow
A: fangs 1, strong nose, distributed training
}: 2/15 runes: serpentine, barnacled
a: Renounce Religion, Bend Time, Temporal Distortion, Slouch, Step From Time


You were on level 3 of the Elven Halls.
You worshipped Cheibriados.
Cheibriados was exalted by your worship.
You visited 6 branches of the dungeon, and saw 33 of its levels.
You visited the Abyss 1 time.
You also visited: Gauntlet.

You collected 3680 gold pieces.
You spent 3021 gold pieces at shops.

Inventory:

Hand Weapons
 p - the +9 scimitar of Foul Odours {venom, Int+3}
   (You found it in a Gauntlet)

   Int+3:     It affects your intelligence (+3).
 M - the +2 demon trident of the Past (weapon) {elec, rF++}
   (You found it on level 14 of the Dungeon)

   rF++:      It greatly protects you from fire.
Missiles
 T - a throwing net (quivered)
Armour
 i - a +0 pair of boots (worn)
 k - the +0 storm dragon scales of Gozag's Whim (worn) {rElec rPois Will+ rCorr Int+2}
   (You bought it in a shop on level 13 of the Dungeon)

   Int+2:     It affects your intelligence (+2).
   rElec:     It insulates you from electricity.
   rPois:     It protects you from poison Will+: It increases your willpower.
   rCorr:     It protects you from acid and corrosion.
 y - a +0 buckler (worn)
 L - a scarf of resistance (worn)
 Q - a +2 pair of gloves (worn)
 S - a +2 helmet of see invisible (worn)
Jewellery
 h - an amulet of magic regeneration (around neck)
 j - a ring of willpower
 z - a ring of wizardry (left hand)
 C - the ring of Qyzijaop (right hand) {Ice rCorr Int+4}
   (You found it in a Gauntlet)

   [ring of ice]

   Ice:       It enhances your ice magic.
   Int+4:     It affects your intelligence (+4).
   rF-:       It makes you vulnerable to fire.
   rC+:       It protects you from cold.
   rCorr:     It protects you from acid and corrosion.
 K - an amulet of regeneration
 U - a ring of protection from cold
Talismans
 v - a storm talisman
Wands
 l - a wand of digging (7)
 s - a wand of paralysis (24)
 t - a wand of flame (68)
 F - a wand of iceblast (21)
 H - a wand of mindburst (17)
 P - a wand of light (4)
 R - a wand of polymorph (11)
Scrolls
 a - 2 scrolls of blinking
 c - 2 scrolls of brand weapon
 e - 13 scrolls of teleportation
 m - 16 scrolls of identify
 n - 4 scrolls of revelation
 w - 3 scrolls of immolation
 A - 5 scrolls of poison
 D - 2 scrolls of fog
 G - 3 scrolls of fear
 I - 4 scrolls of vulnerability
 O - 4 scrolls of enchant armour
 V - 4 scrolls of enchant weapon
Potions
 b - 2 potions of magic
 d - 4 potions of curing
 f - 5 potions of mutation
 g - 3 potions of enlightenment
 o - 2 potions of resistance
 q - a potion of might
 r - 2 potions of berserk rage
 u - 2 potions of brilliance
 x - 16 potions of ambrosia
 B - 7 potions of cancellation
 E - a potion of lignification
 J - 4 potions of attraction
 N - a potion of invisibility


   Skills:
 + Level 14.5 Fighting
 + Level 14.5 Short Blades
 + Level 14.5 Long Blades
 + Level 14.5 Axes
 + Level 14.5 Maces & Flails
 + Level 14.5 Polearms
 + Level 14.5 Staves
 + Level 14.5 Ranged Weapons
 + Level 14.5 Throwing
 + Level 14.5 Armour
 + Level 15.1 Dodging
 + Level 15.0 Stealth
 + Level 14.5 Shields
 + Level 14.5 Unarmed Combat
 + Level 15.2 Spellcasting
 + Level 14.1 Conjurations
 + Level 12.3 Hexes
 + Level 12.3 Summonings
 + Level 12.3 Necromancy
 + Level 12.3 Translocations
 + Level 12.3 Fire Magic
 + Level 12.3 Ice Magic
 + Level 12.3 Air Magic
 + Level 12.3 Earth Magic
 + Level 12.3 Alchemy
 + Level 15.7 Invocations
 + Level 14.5 Evocations
 + Level 13.3 Shapeshifting


You had 11 spell levels left.
You knew the following spells:

 Your Spells              Type           Power      Damage    Failure   Level
a - Bombard               Conj/Erth      50%        9d8       1%          6
b - Searing Ray           Conj           100%       2d8       0%          2
c - Dispel Undead         Necr           98%        3d31      1%          4
d - Manifold Assault      Tloc           98%        N/A       1%          4
e - Blink                 Tloc           100%       N/A       1%          2
f - Freezing Cloud        Conj/Ice/Air   61%        6-21      1%          5
g - Mephitic Cloud        Conj/Alch/Air  100%       N/A       1%          3
h - Ignite Poison         Fire/Alch      98%        N/A       1%          4
i - Spellforged Servitor  Conj/Summ      50%        N/A       6%          7
j - Apportation           Tloc           100%       N/A       1%          1

Your spell library contained the following spells:

 Spells                   Type           Power      Damage    Failure   Level
 Kiss of Death            Conj/Necr      100%       2d13      0%          1
 Magic Dart               Conj           100%       1d8       0%          1
 Sting                    Conj/Alch      100%       1d9       0%          1
 Necrotise                Necr           100%       1d9       1%          1
 Slow                     Hex            100%       N/A       1%          1
 Summon Small Mammal      Summ           100%       N/A       1%          1
 Call Imp                 Summ           100%       N/A       1%          2
 Cigotuvi's Dreadful Rot  Necr/Alch/Air  100%       N/A       1%          2
 Jinxbite                 Hex            100%       N/A       1%          2
 Lesser Beckoning         Tloc           100%       N/A       1%          2
 Momentum Strike          Conj/Tloc      100%       3d10      1%          2
 Confusing Touch          Hex            98%        N/A       1%          3
 Dazzling Flash           Conj/Hex       100%       N/A       1%          3
 Gell's Gravitas          Tloc           98%        N/A       1%          3
 Hailstorm                Conj/Ice       100%       3d16      1%          3
 Inner Flame              Hex/Fire       98%        N/A       1%          3
 Sigil of Binding         Hex            98%        N/A       1%          3
 Summon Ice Beast         Ice/Summ       100%       N/A       1%          3
 Teleport Other           Tloc           98%        N/A       1%          3
 Tukima's Dance           Hex            98%        N/A       1%          3
 Vampiric Draining        Necr           98%        2d13      1%          3
 Anguish                  Hex/Necr       49%        N/A       1%          4
 Cause Fear               Hex            49%        N/A       1%          4
 Dimensional Bullseye     Hex/Tloc       49%        N/A       1%          4
 Fulminant Prism          Conj/Alch      50%        3d23      1%          4
 Iskenderun's Mystic Bla  Conj/Tloc      100%       2d19      1%          4
 Passage of Golubria      Tloc           98%        N/A       1%          4
 Summon Blazeheart Golem  Fire/Summ      98%        N/A       1%          4
 Alistair's Intoxication  Alch           65%        N/A       1%          5
 Arcjolt                  Conj/Air       50%        1d60      1%          5
 Curse of Agony           Necr           98%        N/A       1%          5
 Silence                  Hex/Air        49%        N/A       1%          5
 Summon Forest            Summ/Tloc      49%        N/A       1%          5
 Summon Mana Viper        Hex/Summ       98%        N/A       1%          5
 Yara's Violent Unravell  Hex/Alch       49%        3d19      1%          5
 Conjure Ball Lightning   Conj/Air       50%        3x3d17    1%          6
 Dispersal                Tloc           49%        N/A       1%          6
 Sculpt Simulacrum        Ice/Alch       60%        N/A       1%          6
 Summon Cactus Giant      Summ           49%        N/A       1%          6
 Orb of Destruction       Conj           51%        9d13      4%          7
 Enfeeble                 Hex            49%        N/A       9%          7
 Haunt                    Necr/Summ      49%        N/A       9%          7
 Discord                  Hex            49%        N/A       52%         8
 Disjunction              Tloc           49%        N/A       52%         8


Dungeon Overview and Level Annotations

Branches:
Dungeon (15/15)            Temple (0/1) D:5            Lair (5/5) D:11
 Shoals (4/4) Lair:2        Snake (4/4) Lair:3        Slime (0/5) Lair:4
    Orc (2/2) D:11            Elf (3/3) Orc:2        Vaults (0/5) D:13
 Depths (0/4) D:15        Gauntlet (visited)

Altars:
Cheibriados
Gozag
Hepliaklqana
Kikubaaqudgha
Makhleb
Nemelex Xobeh
Ru
Trog
Xom
Jiyva

Shops:
D:7 *   D:13 [   Orc:2 [([(   Elf:1 :   Shoals:1 [*=[[   Shoals:3 [
Snake:3 [:[

Portals:
Hell: Lair:5
Trove: D:11 (give 11 potions of heal wounds)

Annotations:
Lair:4 1 runed translucent door
Elf:2 1 runed translucent door


Innate Abilities, Weirdness & Mutations

You have very sharp teeth.
Your uncanny sense of smell can sniff out nearby items.
Your experience applies equally to all skills.


Message History

You are engulfed in freezing vapours.
You resist.
* * * LOW HITPOINT WARNING * * *
Your spellforged servitor is engulfed in freezing vapours.
You swap places.
You are engulfed in freezing vapours.
You resist.
* * * LOW HITPOINT WARNING * * *
Your spellforged servitor is engulfed in freezing vapours.
A deep elf elementalist comes into view.
It is wielding a +0 rapier.
You are engulfed in freezing vapours.
You resist.
Your spellforged servitor is engulfed in freezing vapours.
The deep elf elementalist gestures next to you while chanting.
The wall shatters!
The blast of rock fragments hits you but does no damage.
Your spellforged servitor is engulfed in freezing vapours.
Things that are here:
a +1 long sword of freezing; a +0 scale mail; an elf corpse Your spellforged servitor is engulfed in freezing vapours. x2
The deep elf elementalist points at you and mumbles some strange words.
The fireball explodes!
The fireball engulfs you! You resist.
* * * LOW HITPOINT WARNING * * *
You hear a sizzling sound!
The fireball engulfs your spellforged servitor!
Your spellforged servitor resists.
You hear a sizzling sound!
Casting: Bombard (mildly dangerous; 1% risk of failure)
Confirm with . or Enter, or press ? or * to list all spells.
You can't see any susceptible monsters within range! (Use Z to cast anyway.)
The deep elf elementalist points at you and mumbles some strange words.
The fireball explodes!
The fireball engulfs your spellforged servitor!
Your spellforged servitor resists.
The fireball engulfs you. You resist.
* * * LOW HITPOINT WARNING * * *
Your spellforged servitor casts a spell at the deep elf elementalist.
The iron shot hits the deep elf elementalist!!!
The deep elf elementalist gestures wildly while chanting.
The deep elf elementalist seems to speed up.
You hear a shout! x2
Your magical contamination has completely faded away.
The wall shatters!
The blast of rock fragments hits you!!!
You die...

.#...'...........##.##..#........
.#...'............'.....+........
.....#............#.##..#........
##.####...........#.##..#....?...
#.# ##..........#.##''#........
#.# ##'##++#####.#.....###'###
##.######.##..# #.#.....###.###
#.........##..#####[#.....'...<..
#..........☼☼☼☼☼@...#.....'......
#..#####..##○○☼###..'.....###.=##
#### ######☼9# #.##.....# #..#
##§§§# #.##....## #..# #§§§§#
#.##...## #..# #§#### ########
##.# #e# #.# #.# #.## #e# #...


There were no monsters in sight!

Vanquished Creatures
  A Hell Sentinel (Abyss:2)
  Kirke (Lair:4)
  The ghost of krest9999 the Brawler, an adept DrSh of Jiyva (Snake:1)
  A storm dragon (Shoals:4)
  10 nagarajas
  Louise (Elf:1)
  2 deep elf sorcerers
  3 deep elf elementalists
  2 orc warlords (Orc:2)
  A formless jellyfish (Shoals:4)
  An ironbound thunderhulk (D:13)
  The ghost of Cicylist the Cleaver, a journeyman FoFi of Okawaru (D:14)
  A stone giant (Shoals:2)
  2 deep elf annihilators (Elf:3)
  3 deep elf demonologists
  Azrael (D:14)
  A deep elf death mage (Elf:1)
  2 dire elephants
  A minotaur (Gauntlet)
  6 merfolk javelineers (Shoals:4)
  7 merfolk impalers
  2 deep elf high priests (Elf:3)
  2 vault guards (D:13)
  8 hydras
  A hell beast (Gauntlet)
  An ogre mage (D:15)
  2 salamander tyrants
  2 centaur warriors
  14 anacondas
  2 catoblepae
  2 merfolk avatars (Shoals:3)
  A death knight (D:15)
  A satyr (Shoals:3)
  3 merfolk aquamancers
  5 boulder beetles
  3 alligator snapping turtles
  11 naga warriors
  3 death yaks
  A tengu warrior (D:14)
  A death scarab (Gauntlet)
  4 two-headed ogres
  20 dancing weapons
  22 naga sharpshooters
  An occultist (Lair:5)
  4 orc high priests
  12 deep elf knights
  9 shock serpents
  A sixfirhy (Lair:5)
  11 skeletal warriors
  14 skysharks
  9 sea snakes
  3 salamander mystics
  8 mana vipers
  An obsidian statue (Snake:1)
  A spectral hydra (Gauntlet)
  6 naga ritualists
  9 deep elf archers
  19 ugly things
  An orc knight (Orc:2)
  16 deep elf zephyrmancers
  2 nameless horrors
  9 harpies
  A lindwurm (Lair:5)
  23 deep elf pyromancers
  9 manticores
  9 fauns
  3 orc sorcerers
  6 cyclopes
  12 salamanders
  2 kobold blastminers (Orc:2)
  3 merfolk sirens
  6 meliai
  10 elephants
  8 guardian serpents
  5 water nymphs
  2 gargoyles (D:11)
  24 cane toads
  50 black mambas
  17 naga magi
  3 orange demons (Lair:5)
  2 smoke demons (Abyss:2)
  3 torpor snails
  A yaktaur (Shoals:1)
  A freezing wraith (D:15)
  10 komodo dragons
  3 rime drakes
  An ice devil (Lair:5)
  A guardian mummy (D:11)
  2 red devils (Lair:5)
  7 trolls
  2 polar bears
  18 merfolk
  A queen bee (Lair:5)
  6 wind drakes
  Grinder (D:3)
  A hellwing (Lair:5)
  3 snapping turtles
  2 hornets
  11 blink frogs
  7 slime creatures
  5 air elementals
  52 yaks
  A small abomination (Abyss:2)
  6 wyverns
  15 water elementals
  4 shadows (Gauntlet)
  7 hogs (Lair:4)
  A fire bat (Abyss:2)
  7 fire elementals
  A human (D:13)
  2 basilisks
  4 wargs (Orc:2)
  41 nagas
  3 vampire mosquitoes (D:11)
  4 acid dragons
  A swamp worm (shapeshifter) (Elf:3)
  7 hell hounds
  16 water moccasins
  An ice beast (D:6)
  31 orc warriors
  5 laughing skulls (Abyss:2)
  A sky beast (D:7)
  3 black bears
  10 ogres
  4 boggarts (D:15)
  11 wolves
  7 centaurs
  3 kobold brigands
  16 bullfrogs
  A scorpion (D:11)
  2 earth elementals
  2 gnoll sergeants (D:11)
  3 two-headed ogre simulacra (D:12)
  8 wights
  21 killer bees
  An elephant simulacrum (D:12)
  4 howler monkeys
  2 crimson imps (D:4)
  4 bombardier beetles
  7 hounds
  A jelly (D:6)
  A gnoll bouda (D:6)
  19 orc priests
  2 sleepcaps
  Terence (D:3)
  3 iguanas
  20 orc wizards
  A polar bear simulacrum (D:12)
  A wolf simulacrum (D:12)
  7 gnolls
  2 naga simulacra (D:12)
  5 adders
  A white imp (D:6)
  5 ufetubi
  2 dart slugs
  A ribbon worm (D:3)
  81 orcs
  5 ball pythons
  8 bats
  17 endoplasms
  2 giant cockroaches
  4 goblins
  5 hobgoblins
  2 jackals (D:2)
  2 quokkas
  5 frilled lizards
  13 kobolds
  14 rats
1126 creatures vanquished.

Vanquished Creatures (collateral kills)
  A deep elf blademaster (Elf:3)
  2 deep elf sorcerers (Elf:3)
  A deep elf demonologist (Elf:3)
  A merfolk javelineer (Shoals:4)
  3 merfolk impalers (Shoals:4)
  A deep elf high priest (Elf:3)
  A boulder beetle (D:13)
  A centaur warrior (Shoals:3)
  3 merfolk aquamancers (Shoals:4)
  12 dancing weapons
  2 deep elf knights
  A thrashing horror (Abyss:2)
  Sonja (D:13)
  A wretched star (Abyss:2)
  2 skysharks
  4 sea snakes
  3 deep elf archers
  7 deep elf pyromancers
  8 harpies
  11 deep elf zephyrmancers
  A large abomination (Abyss:2)
  A faun (Shoals:2)
  5 cyclopes (Shoals:2)
  4 manticores
  An apocalypse crab (Abyss:2)
  A nameless horror (Shoals:4)
  3 merfolk sirens
  A torpor snail (Lair:3)
  7 water nymphs
  8 merfolk
  5 wind drakes
  4 snapping turtles
  2 dream sheep (Shoals:2)
  3 air elementals (Shoals:4)
  10 water elementals
  A vampire (D:13)
  A fire bat (Abyss:2)
  2 orc warriors (Elf:1)
  3 laughing skulls (Abyss:2)
129 creatures vanquished.

Grand Total: 1255 creatures vanquished

Notes
Turn   | Place    | Note
-------+----------+-------------------------------------------
     0 | D:1      | inmateoo the Gnoll Conjurer began the quest for the Orb.
     0 | D:1      | Reached XP level 1. HP: 13/13 MP: 6/6
   126 | D:1      | Reached XP level 2. HP: 19/19 MP: 3/7
   411 | D:1      | Reached skill level 5 in Spellcasting
   411 | D:1      | Reached XP level 3. HP: 25/25 MP: 4/9
   414 | D:1      | Learned a level 2 spell: Searing Ray
   726 | D:1      | Reached skill level 1 in Invocations
  1144 | D:2      | Reached skill level 1 in Fighting
  1144 | D:2      | Reached skill level 1 in Short Blades
  1144 | D:2      | Reached skill level 1 in Long Blades
  1144 | D:2      | Reached skill level 1 in Axes
  1144 | D:2      | Reached skill level 1 in Maces & Flails
  1144 | D:2      | Reached skill level 1 in Polearms
  1144 | D:2      | Reached skill level 1 in Staves
  1144 | D:2      | Reached skill level 1 in Ranged Weapons
  1144 | D:2      | Reached skill level 1 in Throwing
  1144 | D:2      | Reached skill level 1 in Armour
  1144 | D:2      | Reached skill level 1 in Shields
  1144 | D:2      | Reached skill level 1 in Unarmed Combat
  1144 | D:2      | Reached skill level 1 in Evocations
  1270 | D:2      | Reached skill level 1 in Hexes
  1270 | D:2      | Reached skill level 1 in Summonings
  1270 | D:2      | Reached skill level 1 in Necromancy
  1270 | D:2      | Reached skill level 1 in Translocations
  1270 | D:2      | Reached skill level 1 in Fire Magic
  1270 | D:2      | Reached skill level 1 in Ice Magic
  1270 | D:2      | Reached skill level 1 in Air Magic
  1270 | D:2      | Reached skill level 1 in Earth Magic
  1270 | D:2      | Reached skill level 1 in Alchemy
  1270 | D:2      | Reached skill level 1 in Shapeshifting
  1270 | D:2      | Reached XP level 4. HP: 32/32 MP: 1/11
  1741 | D:2      | Learned a level 2 spell: Momentum Strike
  1743 | D:2      | Learned a level 1 spell: Apportation
  1789 | D:3      | Reached XP level 5. HP: 37/37 MP: 9/12
  1803 | D:3      | Noticed Grinder
  1906 | D:3      | Killed Grinder
  1907 | D:3      | Reached skill level 5 in Dodging
  1907 | D:3      | Reached XP level 6. HP: 31/44 MP: 1/14
  2005 | D:3      | Found a snail-covered altar of Cheibriados.
  2087 | D:3      | Became a worshipper of Cheibriados the Contemplative
  2121 | D:3      | Found an ancient bone altar of Kikubaaqudgha.
  2312 | D:3      | Noticed Terence
  2321 | D:3      | Killed Terence
  2322 | D:3      | Reached XP level 7. HP: 26/51 MP: 7/15
  2933 | D:4      | Reached * piety under Cheibriados
  3025 | D:4      | Found a hazy altar of Hepliaklqana.
  3126 | D:4      | Found a shimmering altar of Xom.
  3145 | D:4      | Reached skill level 5 in Stealth
  3492 | D:5      | Entered Level 5 of the Dungeon
  3605 | D:5      | Reached XP level 8. HP: 51/58 MP: 16/16
  3686 | D:5      | Found a staircase to the Ecumenical Temple.
  3751 | D:5      | Found a sacrificial altar of Ru.
  4330 | D:6      | Reached ** piety under Cheibriados
  4375 | D:6      | Found a bloodstained altar of Trog.
  5257 | D:7      | Reached XP level 9. HP: 62/65 MP: 18/18
  5648 | D:7      | Found Iluch's General Store.
  5652 | D:7      | Bought a scroll of identify for 32 gold pieces
  5652 | D:7      | Bought a scroll of identify for 32 gold pieces
  5652 | D:7      | Bought a scroll of teleportation for 48 gold pieces
  5812 | D:8      | Reached *** piety under Cheibriados
  6083 | D:8      | Reached skill level 5 in Invocations
  6689 | D:9      | Noticed a troll
  6704 | D:9      | Killed a troll
  6705 | D:9      | Reached skill level 5 in Fighting
  6705 | D:9      | Reached skill level 5 in Short Blades
  6705 | D:9      | Reached skill level 5 in Long Blades
  6705 | D:9      | Reached skill level 5 in Axes
  6705 | D:9      | Reached skill level 5 in Maces & Flails
  6705 | D:9      | Reached skill level 5 in Polearms
  6705 | D:9      | Reached skill level 5 in Staves
  6705 | D:9      | Reached skill level 5 in Ranged Weapons
  6705 | D:9      | Reached skill level 5 in Throwing
  6705 | D:9      | Reached skill level 5 in Armour
  6705 | D:9      | Reached skill level 5 in Shields
  6705 | D:9      | Reached skill level 5 in Unarmed Combat
  6705 | D:9      | Reached skill level 5 in Evocations
  6705 | D:9      | Reached XP level 10. HP: 38/74 MP: 20/20
  7014 | D:9      | Reached **** piety under Cheibriados
  7695 | D:9      | Reached skill level 5 in Shapeshifting
  8091 | D:9      | Noticed a two-headed ogre
  8099 | D:9      | Killed a two-headed ogre
  8349 | D:10     | Entered Level 10 of the Dungeon
  8587 | D:10     | Noticed a manticore
  8600 | D:10     | Killed a manticore
  8725 | D:10     | Reached skill level 5 in Hexes
  8725 | D:10     | Reached skill level 5 in Summonings
  8725 | D:10     | Reached skill level 5 in Necromancy
  8725 | D:10     | Reached skill level 5 in Translocations
  8725 | D:10     | Reached skill level 5 in Fire Magic
  8725 | D:10     | Reached skill level 5 in Ice Magic
  8725 | D:10     | Reached skill level 5 in Air Magic
  8725 | D:10     | Reached skill level 5 in Earth Magic
  8725 | D:10     | Reached skill level 5 in Alchemy
  8725 | D:10     | Reached XP level 11. HP: 79/81 MP: 16/22
  8745 | D:10     | Identified the +1 shortbow of Unreason {flame, Str+4}
  8868 | D:10     | Learned a level 2 spell: Blink
  8874 | D:10     | Learned a level 5 spell: Freezing Cloud
  9182 | D:10     | Found a sparkling altar of Nemelex Xobeh.
  9791 | D:11     | Found a staircase to the Orcish Mines.
  9798 | D:11     | Reached ***** piety under Cheibriados
  9848 | D:11     | Noticed a boulder beetle
  9991 | D:11     | Killed a boulder beetle
 10029 | D:11     | Found a staircase to the Lair.
 10414 | D:11     | Found a portal to a secret trove of treasure.
 10788 | D:12     | Noticed a cyan ugly thing
 10788 | D:12     | Noticed a cyclops
 10823 | Lair:1   | Entered Level 1 of the Lair of Beasts
 11204 | Lair:1   | Reached XP level 12. HP: 91/91 MP: 11/24
 11543 | Lair:1   | Noticed a death yak
 11550 | Lair:1   | Killed a death yak
 11564 | Lair:1   | Noticed a death yak
 11582 | Lair:1   | Killed a death yak
 12059 | Lair:2   | Noticed a skyshark
 12067 | Lair:2   | Killed a skyshark
 12149 | Lair:2   | Found a staircase to the Shoals.
 12842 | Lair:3   | Noticed a skyshark
 12853 | Lair:3   | Killed a skyshark
 12893 | Lair:3   | Noticed a skyshark
 12901 | Lair:3   | Killed a skyshark
 12939 | Lair:3   | Noticed a catoblepas
 13115 | Lair:3   | Reached ****** piety under Cheibriados
 13116 | Lair:3   | Reached XP level 13. HP: 98/98 MP: 26/26
 13501 | Lair:3   | Reached skill level 10 in Conjurations
 13860 | Lair:3   | Learned a level 3 spell: Mephitic Cloud
 13865 | Lair:3   | Learned a level 4 spell: Ignite Poison
 14045 | Lair:3   | Found a staircase to the Snake Pit.
 14663 | Lair:3   | Reached skill level 10 in Spellcasting
 15125 | Lair:3   | Reached skill level 10 in Dodging
 16031 | Lair:4   | Reached skill level 10 in Stealth
 16121 | Lair:4   | Found a runed translucent door.
 16121 | Lair:4   | Found a viscous altar of Jiyva.
 16155 | Lair:4   | Noticed an acid blob
 16156 | Lair:4   | Found a staircase to the Slime Pits.
 16335 | Lair:4   | Reached skill level 10 in Invocations
 16335 | Lair:4   | Reached XP level 14. HP: 108/108 MP: 22/28
 16720 | Lair:4   | Noticed Kirke
 16732 | Lair:4   | Killed Kirke
 17182 | Lair:5   | Entered Level 5 of the Lair of Beasts
 17694 | Lair:5   | Noticed a dire elephant
 17708 | Lair:5   | Killed a dire elephant
 19218 | Lair:5   | Found a burning altar of Makhleb.
 19281 | Lair:5   | Found a gateway to Hell.
 19668 | D:11     | Reached skill level 10 in Fighting
 19668 | D:11     | Reached skill level 10 in Short Blades
 19668 | D:11     | Reached skill level 10 in Long Blades
 19668 | D:11     | Reached skill level 10 in Axes
 19668 | D:11     | Reached skill level 10 in Maces & Flails
 19668 | D:11     | Reached skill level 10 in Polearms
 19668 | D:11     | Reached skill level 10 in Staves
 19668 | D:11     | Reached skill level 10 in Ranged Weapons
 19668 | D:11     | Reached skill level 10 in Throwing
 19668 | D:11     | Reached skill level 10 in Armour
 19668 | D:11     | Reached skill level 10 in Shields
 19668 | D:11     | Reached skill level 10 in Unarmed Combat
 19668 | D:11     | Reached skill level 10 in Evocations
 20413 | D:13     | Reached XP level 15. HP: 115/115 MP: 22/30
 20583 | D:13     | Found Sigurd's Dragon-Slaying Spoils.
 20668 | D:13     | Noticed Sonja
 20688 | D:13     | Killed Sonja
 21621 | D:13     | Found a gate to the Vaults.
 22006 | D:14     | Noticed Azrael
 22013 | D:14     | Killed Azrael
 22389 | D:14     | Found a runed translucent door.
 22389 | D:14     | Noticed Cicylist's ghost (journeyman FoFi)
 23227 | D:14     | Learned a level 4 spell: Dispel Undead
 23230 | D:14     | Killed Cicylist's ghost
 23237 | D:14     | Identified the +2 demon trident of the Past {elec, rF++}
 23261 | D:15     | Entered Level 15 of the Dungeon
 24313 | Orc:1    | Entered Level 1 of the Orcish Mines
 24492 | D:13     | Bought the +0 storm dragon scales of Gozag's Whim {rElec
                  | rPois Will+ rCorr Int+2} for 1569 gold pieces
 24581 | Orc:2    | Entered Level 2 of the Orcish Mines
 24658 | Orc:2    | Noticed an orc warlord
 24669 | Orc:2    | Killed an orc warlord
 24671 | Orc:2    | Reached skill level 10 in Shapeshifting
 24742 | Orc:2    | Found a staircase to the Elven Halls.
 24743 | Orc:2    | Found a gate leading to a gauntlet.
 24754 | Gauntlet | Entered a Gauntlet
 24754 | Gauntlet | Found a transporter.
 24754 | Gauntlet | Found a transporter.
 24757 | Gauntlet | Found a transporter.
 24777 | Gauntlet | Found a transporter.
 24785 | Gauntlet | Found a transporter.
 24788 | Gauntlet | Found a transporter.
 24798 | Gauntlet | Found a transporter.
 24817 | Gauntlet | Found a transporter.
 24834 | Gauntlet | Found a transporter.
 24835 | Gauntlet | Found a transporter.
 24845 | Gauntlet | Found a transporter.
 24848 | Gauntlet | Found a transporter.
 24871 | Gauntlet | Found a runed translucent door.
 25021 | Gauntlet | Identified the +9 scimitar of Foul Odours {venom, Int+3}
 25038 | Gauntlet | Reached XP level 16. HP: 98/124 MP: 30/32
 25044 | Gauntlet | Identified the ring of Qyzijaop {Ice rCorr Int+4}
 25313 | Gauntlet | Identified the +5 shortbow "Ruidd" {elec, Str+3}
 25421 | Orc:2    | Identified a scroll of acquirement
 25422 | Orc:2    | Acquired the Elucidation of the Impact and Dislocation
 25541 | Orc:2    | Found Daofes's Antique Weapon Shoppe.
 26342 | Orc:2    | Found Puuhy's Antique Armour Shoppe.
 26344 | Orc:2    | Found Amaotog's Antique Weapon Emporium.
 26490 | Orc:2    | Found Royxkalu's Antique Armour Shop.
 27690 | D:15     | Found a staircase to the Depths.
 28195 | Snake:1  | Entered Level 1 of the Snake Pit
 28687 | Snake:1  | Found a runed translucent gate.
 28687 | Snake:1  | Found a runed translucent gate.
 28687 | Snake:1  | Found a runed translucent gate.
 28689 | Snake:1  | Found an opulent altar of Gozag.
 28708 | Snake:1  | Noticed krest9999's ghost (adept DrSh)
 28986 | Snake:1  | Killed krest9999's ghost
 29274 | Snake:1  | Learned a level 6 spell: Bombard
 29865 | Snake:2  | Reached XP level 17. HP: 128/133 MP: 11/33
 30014 | Snake:2  | Reached skill level 10 in Hexes
 30014 | Snake:2  | Reached skill level 10 in Summonings
 30014 | Snake:2  | Reached skill level 10 in Necromancy
 30014 | Snake:2  | Reached skill level 10 in Translocations
 30014 | Snake:2  | Reached skill level 10 in Fire Magic
 30014 | Snake:2  | Reached skill level 10 in Ice Magic
 30014 | Snake:2  | Reached skill level 10 in Air Magic
 30014 | Snake:2  | Reached skill level 10 in Earth Magic
 30014 | Snake:2  | Reached skill level 10 in Alchemy
 30933 | Snake:3  | Found Beeptuk's Book Emporium.
 30938 | Snake:3  | Found Wuafow Xeot's Antique Armour Shoppe.
 31017 | Snake:3  | Bought a book of the Warp for 756 gold pieces
 31022 | Snake:3  | Learned a level 4 spell: Manifold Assault
 31029 | Snake:3  | Bought a pair of embroidered gloves for 307 gold pieces
 31566 | Snake:3  | Found Vilouw's Armour Emporium.
 32133 | Snake:3  | Learned a level 7 spell: Spellforged Servitor
 32189 | Snake:4  | Entered Level 4 of the Snake Pit
 32357 | Snake:4  | Got the Disquisition on the Morgue and Bad Luck
 33158 | Snake:4  | Reached XP level 18. HP: 97/141 MP: 32/35
 35632 | Snake:4  | Got a serpentine rune of Zot
 35913 | Shoals:1 | Entered Level 1 of the Shoals
 35913 | Shoals:1 | Found Geskuuta's General Store.
 35919 | Shoals:1 | Found Seciedity's Jewellery Shoppe.
 36058 | Shoals:1 | Found Nosoyn's Armour Emporium.
 36070 | Shoals:1 | Found Petz's Antique Armour Boutique.
 36128 | Shoals:1 | Found Xolad's Antique Armour Emporium.
 36136 | Shoals:1 | Bought a glowing helmet for 277 gold pieces
 36696 | Shoals:1 | Identified the +5 rapier of the Imbibing Messenger {venom,
                  | Will+}
 38159 | Shoals:2 | Reached XP level 19. HP: 149/149 MP: 31/37
 38781 | Shoals:3 | Found Wuwaneac's Antique Armour Emporium.
 39150 | Shoals:4 | Entered Level 4 of the Shoals
 39175 | Shoals:4 | Paralysed by an air elemental for 1 turns
 39179 | Shoals:4 | Paralysed by an air elemental for 1 turns
 39472 | Shoals:4 | Paralysed by an air elemental for 1 turns
 39612 | Shoals:4 | Paralysed by an air elemental for 1 turns
 40123 | Shoals:4 | Paralysed by an air elemental for 1 turns
 40129 | Shoals:4 | Paralysed by an air elemental for 1 turns
 40449 | Shoals:4 | Paralysed by an air elemental for 1 turns
 40900 | Shoals:4 | Got a barnacled rune of Zot
 41164 | Elf:1    | Entered Level 1 of the Elven Halls
 41230 | Elf:1    | Noticed Louise
 41230 | Abyss:2  | Cast into level 2 of the Abyss (Louise)
 41231 | Abyss:2  | Found a corrupted altar of Lugonu.
 41449 | Abyss:2  | Noticed a Hell Sentinel
 41457 | Abyss:2  | Killed a Hell Sentinel
 41730 | Elf:1    | Escaped the Abyss
 41740 | Elf:1    | Killed Louise
 41848 | Elf:1    | Reached skill level 15 in Invocations
 42267 | Elf:1    | Found Muheum's Book Boutique.
 42353 | Elf:1    | Reached XP level 20. HP: 138/158 MP: 21/38
 42847 | Elf:1    | You fall into a shaft and drop 1 floor!
 42948 | Elf:2    | Found a runed translucent door.
 42974 | Elf:2    | Found a runed translucent door.
 44127 | Elf:2    | Reached skill level 15 in Spellcasting
 44397 | Elf:2    | Identified the blade talisman of Beastly Amelioration
                  | {rPois Dex+5}
 44704 | Elf:3    | Entered Level 3 of the Elven Halls
 44846 | Elf:3    | Reached skill level 15 in Dodging
 45783 | Elf:3    | Reached skill level 15 in Stealth
 46223 | Elf:3    | Killed from afar by a deep elf elementalist

Illustrated notes

Levels and vault maps discovered:
D:1:      wheals_arrival_linesprint, layout_loops_cross, minmay_vboxes
D:2:      minmay_general_purpose_star, layout_basic
D:3:      layout_basic, slow_altar_1, lemuel_tele_altar, lightli_corner_chamber,
          uniq_terence, uniq_grinder
D:4:      layout_rooms, nicolae_hepliaklqana_hippocampus, led_xom_imps
D:5:      layout_basic, overflow_temple_1_default, minmay_temple_entry_hall,
          portal_sewer_entry_b, serial_park_tiny_pond
D:6:      layout_basic, trog_three_pillars_becter
D:7:      layout_gridville, serial_shops, shop
D:8:      layout_rooms
D:9:      layout_stronghold
D:10:     nicolae_cairo_tiling_very_big, layout_basic,
          nemelex_diamond_rough_becter
D:11:     layout_gridville, grunt_lair_entry_orc_guard_hut,
          kennysheep_orc_monster_closet_entryway,
          nicolae_trove_entry_path_of_doom
D:12:     layout_rooms, portal_ice_cave_entry_ice_simulacra, serial_rivers,
          chequers_serial_rivers_small_a, chequers_serial_rivers_large_a,
          chequers_serial_rivers_micro_a, chequers_serial_rivers_room_a,
          chequers_serial_rivers_small_a
D:13:     layout_loops_ring, hellmonk_vaults_keyhole, nicolae_shop_dragon_depot,
          uniq_sonja
D:14:     layout_small_grid, gammafunk_ghost_grave, minmay_misc_feat_x,
          fungi_pond_lemuel, uniq_azrael
D:15:     hangedman_depths_entry_try_elsewhere_first, layout_stronghold,
          chequers_jeans
Lair:1:   layout_hall_layers
Lair:2:   layout_misc_corridors, elwin_shoals_entry_rocks, st_stairs_11
Lair:3:   nzn_winding_woodlands_large [nzn_winding_woodlands_5x5_perimeter,
          nzn_winding_woodlands_5x15_parted, nzn_winding_woodlands_5x5_default,
          nzn_winding_woodlands_center_lodge,
          nzn_winding_woodlands_15x15_boxy_spiral,
          nzn_winding_woodlands_center_garden, nzn_winding_woodlands_5x5_three,
          nzn_winding_woodlands_5x15_default, nzn_winding_woodlands_5x5_cross],
          layout_layer_cave, guppyfry_snake_entry_island
Lair:4:   layout_cave_pods, slime_entry_2, grunt_forest_small_clearings,
          uniq_kirke
Lair:5:   evil_forest, layout_long_grid, special_room [special_room_bee],
          nicolae_lair_lil_pond, minivault_24, grunt_megastairs_5
Shoals:1: nicolae_shoals_deep_elves_summer_vacation, layout_shoals,
          serial_shops, nicolae_shop_stone, nicolae_lakefront_shop,
          nicolae_shop_just_a_little_nook, nicolae_diamond_shop, shop,
          nicolae_shoals_square_sea_wall, yaktaur_hedge
Shoals:2: layout_shoals, st_cyclops
Shoals:3: layout_shoals, serial_shops, nicolae_shop_back_alley_shop
Shoals:4: shoals_end_hellmonk_storm_palace [storm_palace_center_circular,
          storm_palace_corner_narrow, storm_palace_corner_reverse_hut,
          storm_palace_corner_pillars, storm_palace_corner_narrow], serial_shops
Snake:1:  layout_rooms, ebering_ghost_gozag
Snake:2:  layout_onion
Snake:3:  layout_grid_shapes, serial_shops, shop, hangedman_snake_pattern,
          grunt_megastairs_4, minmay_shoptagon
Snake:4:  grunt_snake_rune_pools, layout_cave_town,
          hangedman_snake_corridor_split
Orc:1:    layout_caves, gammafunk_ghost_split, uniq_jorgrun
Orc:2:    grunt_orc_community_town_hall, layout_caves,
          grunt_orc_community_big_house_1, grunt_orc_community_big_house_2,
          grunt_orc_community_house_2, grunt_orc_community_house_3,
          grunt_orc_community_house_1, grunt_orc_community_house_3,
          gauntlet_entry_generic, basic_altar, bh_open_orc_temple
Elf:1:    layout_onion_city, serial_shops, shop, minmay_elf_sorcery,
          corexii_checkpoint, nrook_loot_triangle, uniq_louise
Elf:2:    nicolae_elf_blades_splatter_lattice
          [nicolae_blade_entry_splitting_headache], layout_geoelf_octagon
Elf:3:    minmay_elf_hall_four_x, layout_gridlike, chequers_hall_statues_y

Skill      XL: |  1  2  3  4  5  6  7  8  9 10 11 12 13 14 15 16 17 18 19 20 |
---------------+-------------------------------------------------------------+-----
Spellcasting   | 5 6 7 8 9 10 11 12 13 14 15 | 15.2
Invocations    | 1 2 3 4 5 6 7 8 10 11 12 13 14 15 | 15.7
Fighting       | 1 2 3 5 6 7 8 9 10 11 12 13 14 | 14.5
Short Blades   | 1 2 3 5 6 7 8 9 10 11 12 13 14 | 14.5
Long Blades    | 1 2 3 5 6 7 8 9 10 11 12 13 14 | 14.5
Axes           | 1 2 3 5 6 7 8 9 10 11 12 13 14 | 14.5
Maces & Flails | 1 2 3 5 6 7 8 9 10 11 12 13 14 | 14.5
Polearms       | 1 2 3 5 6 7 8 9 10 11 12 13 14 | 14.5
Staves         | 1 2 3 5 6 7 8 9 10 11 12 13 14 | 14.5
Ranged Weapons | 1 2 3 5 6 7 8 9 10 11 12 13 14 | 14.5
Throwing       | 1 2 3 5 6 7 8 9 10 11 12 13 14 | 14.5
Armour         | 1 2 3 5 6 7 8 9 10 11 12 13 14 | 14.5
Shields        | 1 2 3 5 6 7 8 9 10 11 12 13 14 | 14.5
Unarmed Combat | 1 2 3 5 6 7 8 9 10 11 12 13 14 | 14.5
Evocations     | 1 2 3 5 6 7 8 9 10 11 12 13 14 | 14.5
Hexes          | 1 2 3 4 5 6 7 8 9 10 11 12 | 12.3
Summonings     | 1 2 3 4 5 6 7 8 9 10 11 12 | 12.3
Necromancy     | 1 2 3 4 5 6 7 8 9 10 11 12 | 12.3
Translocations | 1 2 3 4 5 6 7 8 9 10 11 12 | 12.3
Fire Magic     | 1 2 3 4 5 6 7 8 9 10 11 12 | 12.3
Ice Magic      | 1 2 3 4 5 6 7 8 9 10 11 12 | 12.3
Air Magic      | 1 2 3 4 5 6 7 8 9 10 11 12 | 12.3
Earth Magic    | 1 2 3 4 5 6 7 8 9 10 11 12 | 12.3
Alchemy        | 1 2 3 4 5 6 7 8 9 10 11 12 | 12.3
Shapeshifting  | 1 2 3 4 5 6 7 8 9 10 11 12 13 | 13.3
Dodging        | 5 6 7 8 9 10 11 12 13 14 15 | 15.1
Stealth        | 5 6 7 8 9 10 11 12 13 14 15 | 15.0
Conjurations   | 8 9 10 11 12 13 14 | 14.1

Action                     |  1- 3 |  4- 6 |  7- 9 | 10-12 | 13-15 | 16-18 | 19-21 || total
---------------------------+-------+-------+-------+-------+-------+-------+-------++-------
  Melee: Unarmed           |    22 |       |       |       |     4 |       |       ||    26
         Bite              |     2 |       |     6 |    31 |    52 |    86 |    34 ||   211
         Punch             |     1 |     1 |     1 |       |       |       |       ||     3
         Hand axe          |       |    16 |    81 |   139 |   179 |       |       ||   415
         Demon trident     |       |       |       |       |    80 |   583 |   300 ||   963
         Scimitar          |       |       |       |       |     7 |     6 |       ||    13
   Fire: Orcbow            |       |       |     8 |       |       |       |       ||     8
   Cast: Magic Dart        |    73 |    62 |   121 |    96 |   290 |   105 |       ||   747
         Momentum Strike   |       |     4 |     4 |    11 |     4 |       |       ||    23
         Searing Ray       |       |     4 |    34 |    55 |    44 |     5 |       ||   142
         Freezing Cloud    |       |       |       |    33 |   112 |    74 |    10 ||   229
         Mephitic Cloud    |       |       |       |       |     7 |     5 |       ||    12
         Ignite Poison     |       |       |       |       |     6 |     4 |       ||    10
         Dispel Undead     |       |       |       |       |     3 |    18 |       ||    21
         Bombard           |       |       |       |       |       |   265 |   227 ||   492
         Spellforged Servi |       |       |       |       |       |    20 |    71 ||    91
         Manifold Assault  |       |       |       |       |       |     3 |     1 ||     4
 Invoke: Slouch            |       |       |       |       |     4 |       |       ||     4
         Temporal Distorti |       |       |       |       |       |     1 |       ||     1
  Evoke: Wand              |       |       |     1 |     6 |    10 |     6 |       ||    23
         Tin of tremorston |       |       |       |       |     1 |       |       ||     1
    Use: Scroll            |       |       |    16 |     8 |     6 |    12 |     1 ||    43
         Potion            |       |       |     1 |       |     3 |    10 |     1 ||    15
   Stab: Sleeping          |       |     1 |     3 |     1 |     2 |     2 |     3 ||    12
         Distracted        |       |     1 |       |       |       |     9 |     8 ||    18
         Paralysed         |       |       |       |     8 |     7 |       |       ||    15
         Confused          |       |       |       |       |       |     2 |       ||     2
 Armour: Robe              |     6 |    17 |    18 |       |       |       |       ||    41
         Ring mail         |       |       |    99 |    46 |       |       |       ||   145
         Skin              |       |       |    14 |     1 |     3 |       |       ||    18
         Acid dragon scale |       |       |       |    63 |   191 |       |       ||   254
         Storm dragon scal |       |       |       |       |    27 |   465 |   297 ||   789
  Dodge: Dodged            |    12 |    17 |   111 |   183 |   328 |   444 |   212 ||  1307
  Block: Kite shield       |       |       |    73 |    15 |       |       |       ||    88
         Buckler           |       |       |       |    92 |   174 |   308 |   112 ||   686
